AoeStats
← NPG | FishCL

Nomad

507279470Analyzed
2v2 RM · 14d ago on Sep 17, 2026· 29m 38s· 4 players
Game mode
Random Map
Map size
176×176
Population
200
Speed
Normal
Resources
Standard
Victory
Conquest
Starting age
Dark Age
Ending age
Imperial Age
RankedLock teamsTeams togetherTeam positionsShared explorationLock speedFull tech treeHidden civsTurbo modeCheats
Victory
Defeat
🇨🇳 Japanese · China
1583
+12
🇨🇳 Magyars · China
1456
+17
🇨🇱 Mongols · Chile
1594
-19
🇨🇱 Persians · Chile
1368
-10
NPG | sionista Punk
5:46 Loom
13:32 Feudal Age
15:13 Town Watch
18:16 Castle Age
16:47 Double-Bit Axe
19:19 Forging
20:35 Bloodlines
20:48 Bow Saw
26:34 Pikeman
28:04 Squires
NPG | FishCL
3:55 Loom
12:01 Feudal Age
12:33 Double-Bit Axe
19:42 Castle Age
18:28 Horse Collar
18:48 Stone Mining
21:01 Bow Saw
22:14 Fletching
24:11 Bodkin Arrow
郁离
4:26 Loom
13:56 Feudal Age
15:02 Double-Bit Axe
17:51 Fishing Lines
21:31 Stone Mining
23:43 Castle Age
24:25 Gold Mining
27:26 Fletching
神明
5:36 Loom
13:55 Feudal Age
17:50 Castle Age
16:06 Double-Bit Axe
22:25 Horse Collar
23:50 Scale Barding Armor
28:25 Heavy Plow
29:47 Corvinian Army
Connection lost

Rejoining the realm…

Still unreachable

The connection could not be restored.

Session expired

The server has moved on; the page needs a fresh start.